 Dungeon Crawl Stone Soup version 0.20-a0-967-g62cfa5d (webtiles) character file.

95 qpzil the Cudgeler (level 4, -3/39 HPs)
             Began as a Minotaur Berserker on Apr 7, 2017.
             Was a Believer of Trog.
             Slain by Crazy Yiuf
             ... wielding a +3 quarterstaff of chaos
              (14 damage)
             ... on level 2 of the Dungeon.
             The game lasted 00:02:54 (1355 turns).

qpzil the Cudgeler (Minotaur Berserker)             Turns: 1355, Time: 00:02:55

Health: -3/39      AC:  2    Str: 23    XL:     4   Next: 39%
Magic:  3/3        EV: 12    Int:  4    God:    Trog [**....]
Gold:   73         SH:  0    Dex:  9    Spells: 3/3 levels left

rFire    . . .     SeeInvis .   a - +0 mace
rCold    . . .     Gourm    .   (no shield)
rNeg     . . .     Faith    .   b - +0 animal skin
rPois    .         Spirit   .   (helmet restricted)
rElec    .         Reflect  .   (no cloak)
rCorr    .         Harm     .   (no gloves)
MR       .....                  (no boots)
Stlth    +.........             (no amulet)
Regen    0.2/turn               (no ring)
MPRegen  0.1/turn               (no ring)

@: no status effects
A: retaliatory headbutt, horns 2
a: Berserk, Trog's Hand, Burn Spellbooks, Renounce Religion


You were on level 2 of the Dungeon.
You worshipped Trog.
Trog was pleased with you.
You were not hungry.

You visited 1 branch of the dungeon, and saw 2 of its levels.

You collected 73 gold pieces.

Inventory:

Hand Weapons
 a - a +0 mace (weapon)
Armour
 b - a +0 animal skin (worn)
 m - a +3 scale mail of fire resistance
Jewellery
 j - an uncursed ring of protection from magic {unknown}
Scrolls
 d - 4 scrolls of enchant armour {unknown}
 i - a scroll of amnesia {unknown}
 k - a scroll of teleportation {unknown}
 l - a scroll of fear {unknown}
Potions
 e - a potion of curing {unknown}
 g - a potion of mutation {unknown}
 h - a potion of magic {unknown}
 o - a potion of haste {unknown}
Comestibles
 c - 2 bread rations
 f - a meat ration
 n - a chunk of flesh


   Skills:
 - Level 3.6 Fighting
 + Level 6.3 Maces & Flails
 - Level 2.4 Armour
 - Level 2.1 Dodging


You had 3 spell levels left.
You didn't know any spells.

Dungeon Overview and Level Annotations

Branches:
Dungeon (2/15)

Altars:
Dithmenos
Qazlal

Annotations:
D:2 Crazy Yiuf


Innate Abilities, Weirdness & Mutations

You reflexively headbutt those who attack you in melee.
You have a pair of horns on your head.


Message History

Found a throwing net.
You see here a throwing net.
You see here a scale mail.
Found a runed door.
A kobold comes into view.
You open the door.
Crazy Yiuf the Enlightened comes into view.
He is wielding a quarterstaff of chaos.
Crazy Yiuf shouts!
Found a mace.
Crazy Yiuf drinks a potion.
Crazy Yiuf goes berserk!
There is an open door here.
Crazy Yiuf hits you with a quarterstaff of chaos!
Crazy Yiuf freezes you.
You thump Crazy Yiuf! Your headbutt misses Crazy Yiuf.
Crazy Yiuf is moderately wounded.
Crazy Yiuf hits you with a quarterstaff of chaos!
Crazy Yiuf burns you.
* * * LOW HITPOINT WARNING * * *
Crazy Yiuf hits you with a quarterstaff of chaos!
You die...

#)..# # #P.PP#
#..# #.## #...#
..# #...## #.)#
#.## ##.## ...#
##.## #..# #...
####.###..#
#.## #..# ####
#.........##
##.# #..# #
#)#........#
#.##
#..#########
...........#
##.#
#.........<.
#....##....#
##'##
#.##########
#..#.##.##(#
#.@.# ###
#........(.#
#.g.#
#..........#
#..)#
#..####..###
#####
#........#
#.....)..#####
#.....รท(.....#
#.......####.#
#.......####.#


You could see Crazy Yiuf (berserk).

Vanquished Creatures
  Terence (D:2)
  3 adders (D:2)
  An ooze (D:1)
  A dart slug (D:2)
  2 leopard geckos (D:2)
  2 giant cockroaches
  5 goblins
  2 hobgoblins (D:1)
  6 kobolds
  2 quokkas (D:2)
  A ball python (D:1)
  3 bats
  2 frilled lizards (D:1)
  4 rats
35 creatures vanquished.

Notes
Turn   | Place    | Note
-------+----------+-------------------------------------------
     0 | D:1      | qpzil the Minotaur Berserker began the quest for the Orb.
     0 | D:1      | Reached XP level 1. HP: 19/19 MP: 0/0
    91 | D:1      | Reached skill level 4 in Maces & Flails
   219 | D:1      | Reached XP level 2. HP: 24/26 MP: 1/1
   637 | D:2      | Found a stormy altar of Qazlal.
   683 | D:2      | Reached skill level 5 in Maces & Flails
   683 | D:2      | Reached XP level 3. HP: 24/31 MP: 2/2
   784 | D:2      | Found a shadowy altar of Dithmenos.
   787 | D:2      | Reached ** piety under Trog
  1125 | D:2      | Noticed Terence
  1131 | D:2      | Killed Terence
  1131 | D:2      | Reached skill level 6 in Maces & Flails
  1131 | D:2      | Reached XP level 4. HP: 32/39 MP: 3/3
  1340 | D:2      | Found a runed door.
  1352 | D:2      | Noticed Crazy Yiuf
  1355 | D:2      | Slain by Crazy Yiuf

Vault maps used:
D:1:      dpeg_arrival_tiny_b
D:2:      nicolae_dithmenos_through_a_glass_darkly, lemuel_crystal_altar,
          uniq_crazy_yiuf_cottage, uniq_terence

Skill      XL: |  1  2  3 |
---------------+----------+-----
Maces & Flails | 4 5 6 |  6.3
Fighting       | |  3.6
Armour         | |  2.4
Dodging        | |  2.1

Action                   |  1- 3 |  4- 6 || total
-------------------------+-------+-------++-------
Melee: Mace              |    56 |    13 ||    69
       Headbutt          |     5 |     2 ||     7
Invok: Berserk           |     1 |       ||     1
 Stab: Sleeping          |     1 |       ||     1
  Eat: Chunk             |     1 |     1 ||     2
Armor: Animal skin       |    11 |     4 ||    15
Dodge: Dodged            |    41 |     9 ||    50
